 Dungeon Crawl Stone Soup version 0.22-a0-99-g1ac4c55 (webtiles) character file.

119 Kavrick the Skirmisher (level 4, -1/35 HPs)
             Began as a Demonspawn Fighter on Jan 25, 2018.
             Slain by wazuzu's ghost (10 damage)
             ... on level 3 of the Dungeon.
             The game lasted 00:03:51 (1843 turns).

Kavrick the Skirmisher (Demonspawn Fighter)         Turns: 1843, Time: 00:03:52

Health: -1/35      AC:  6    Str: 22    XL:     4   Next: 73%
Magic:  4/4        EV:  8    Int:  9    God:
Gold:   130        SH:  9    Dex: 13    Spells: 3/3 levels left

rFire    . . .     SeeInvis .   a - +0 long sword
rCold    . . .     Gourm    .   c - +0 shield
rNeg     . . .     Faith    .   b - +0 scale mail
rPois    .         Spirit   .   (helmet restricted)
rElec    .         Reflect  .   (no cloak)
rCorr    .         Harm     .   (no gloves)
MR       .....                  (no boots)
Stlth    ..........             (no amulet)
HPRegen  0.11/turn              (no ring)
MPRegen  0.09/turn              (no ring)

@: mighty
A: antennae 1, sturdy frame 1
a: no special abilities


You were on level 3 of the Dungeon.
You were not hungry.

You visited 1 branch of the dungeon, and saw 3 of its levels.

You collected 130 gold pieces.

Inventory:

Hand Weapons
 a - a +0 long sword (weapon)
 q - a +1 falchion of flaming
Armour
 b - a +0 scale mail (worn)
 c - a +0 shield (worn)
Jewellery
 p - a cursed -2 ring of intelligence {unknown}
Scrolls
 e - 2 scrolls of identify {unknown}
 h - a scroll of teleportation {unknown}
 k - 2 scrolls of enchant armour {unknown}
 n - a scroll of fog {unknown}
Potions
 d - a potion of might
 g - a potion of mutation {unknown}
 i - a potion of cancellation {unknown}
 l - a potion of berserk rage {unknown}
 m - a potion of agility
 o - a potion of haste {unknown}
 r - a potion of flight {unknown}
Comestibles
 f - 2 rations
 j - 3 chunks of flesh


   Skills:
 + Level 3.4 Fighting
 * Level 2.9 Long Blades
 + Level 3.1 Armour
 + Level 1.4 Dodging
 + Level 3.2 Shields


You had 3 spell levels left.
You didn't know any spells.

Dungeon Overview and Level Annotations

Branches:
Dungeon (3/15)

Altars:
Xom

Annotations:
D:3 wazuzu's ghost, amateur MfGl


Innate Abilities, Weirdness & Mutations

You have a pair of small antennae on your head.
Your movements are slightly less encumbered by armour. (ER -2)


Message History

You closely miss wazuzu's ghost.
Wazuzu's ghost hits you but does no damage. x2
You slash wazuzu's ghost!
Wazuzu's ghost is moderately damaged.
Wazuzu's ghost hits you!
You closely miss wazuzu's ghost.
Wazuzu's ghost is moderately damaged.
Wazuzu's ghost hits you!
You closely miss wazuzu's ghost.
Wazuzu's ghost is moderately damaged.
Wazuzu's ghost hits you.
* * * LOW HITPOINT WARNING * * *
Wazuzu's ghost barely misses you.
You hit wazuzu's ghost but do no damage.
Wazuzu's ghost is moderately damaged.
Wazuzu's ghost closely misses you.
You miss wazuzu's ghost.
Wazuzu's ghost is moderately damaged.
Wazuzu's ghost hits you!
You die...

......# #.## ......###.#
#####...#.# #... #.#...#
#.$.. #####.#...# .....
.........###### ......
.....#...##...# ......
.....#...##...####......
................@W......
.....#..).##...........#
.....#...)#...##.##...##
.....#..........$# ..#
...............##......_
####....###.#.........#≈
#...## #......#....#
#...# ...#..##.....#
....##................


You could see wazuzu's ghost.

Vanquished Creatures
  Natasha (twice) (D:2)
  A gnoll (D:1)
  A dart slug (D:1)
  2 leopard geckos
  A ball python (D:1)
  5 bats
  5 giant cockroaches
  A goblin (D:2)
  7 hobgoblins
  11 jackals
  2 frilled lizards (D:1)
  3 kobolds (D:1)
  8 rats
49 creatures vanquished.

Notes
Turn   | Place    | Note
-------+----------+-------------------------------------------
     0 | D:1      | Kavrick the Demonspawn Fighter began the quest for the Orb.
     0 | D:1      | Reached XP level 1. HP: 18/18 MP: 1/1
    83 | D:1      | Gained mutation: You have a pair of small antennae on your head. [demonic ancestry]
    83 | D:1      | Reached XP level 2. HP: 20/24 MP: 2/2
   426 | D:1      | Reached XP level 3. HP: 20/29 MP: 3/3
   744 | D:1      | Reached skill level 1 in Dodging
  1400 | D:2      | Noticed Natasha
  1406 | D:2      | Killed Natasha
  1406 | D:2      | Gained mutation: Your movements are slightly less encumbered by armour. (ER -2) [demonic ancestry]
  1406 | D:2      | Reached XP level 4. HP: 25/35 MP: 4/4
  1636 | D:2      | Noticed Natasha
  1645 | D:2      | Killed Natasha
  1832 | D:3      | Noticed wazuzu's ghost (amateur MfGl)
  1833 | D:3      | Found a shimmering altar of Xom.
  1843 | D:3      | Slain by wazuzu's ghost

Vault maps used:
D:1:      giann_forest_graveyard
D:2:      uniq_natasha
D:3:      xom_redecorated

Skill      XL: |  1  2  3 |
---------------+----------+-----
Long Blades    | 2 |  2.9
Armour         | 3 |  3.1
Dodging        | 1 |  1.4
Shields        | 3 |  3.2
Fighting       | |  3.4

Action                   |  1- 3 |  4- 6 || total
-------------------------+-------+-------++-------
Melee: Long sword        |   159 |    32 ||   191
  Use: Potion            |       |     1 ||     1
  Eat: Chunk             |     2 |     1 ||     3
Armor: Scale mail        |    81 |    13 ||    94
Dodge: Dodged            |    54 |     6 ||    60
Block: Shield            |    98 |    15 ||   113
       Rpst.: Long sword |    16 |     2 ||    18

Table legend:
 A = Spawn XP
 B = Non-spawn XP
 C = Spawn XP percentage of total XP
 D = Spawn monster count
 E = Non-spawn monster count
 F = Spawn count percentage of total count
 G = Total turns spent on level
                    A         B        C        D         E        F      G
               +---------+---------+-------+---------+---------+-------+---------
         Total |       0 |     170 |   0.0 |       0 |      49 |   0.0 |  1843
               +---------+---------+-------+---------+---------+-------+---------
           D:1 |       0 |      71 |   0.0 |       0 |      31 |   0.0 |  1104
           D:2 |       0 |      91 |   0.0 |       0 |      13 |   0.0 |   660
           D:3 |       0 |       8 |   0.0 |       0 |       5 |   0.0 |    79
               +---------+---------+-------+---------+---------+-------+---------
